EL
ELMIRA PIONEERS @ LYNN SAILORS
04/13/1982
 
TOP OF THE 1ST
Elmira Pioneers batting - Pitching for Lynn Sailors : RHP Donald Cline
Pitching: RHP Donald Cline
Batting: RHB Ken Dowell 0-0: Ball
1-0: Swinging Strike
1-1: Ground out 4-3 (Groundball, 4, EV 83.8 MPH)
Batting: RHB Mark Wasinger 0-0: Foul Ball, location: 2F
0-1: Ball
1-1: Foul Ball, location: 2F
1-2: Ball
2-2: SINGLE (Groundball, 6M, EV 96.9 MPH) (infield hit)
Batting: RHB Richard Givens 0-0: Called Strike
0-1: Foul Ball, location: 2F
0-2: Foul Ball, location: 2F
0-2: Ball
1-2: Strikes out swinging
Batting: RHB Frank LaBella 0-0: Foul Ball, location: 2F
0-1: Fielders Choice at 2nd, U4 (Groundball, 4M, EV 103.1 MPH)
Top of the 1st over - 0 runs, 1 hit, 0 errors, 1 left on base; Elmira 0 - Lynn 0
BOTTOM OF THE 1ST
Lynn Sailors batting - Pitching for Elmira Pioneers : RHP Rick Behenna
Pitching: RHP Rick Behenna
Batting: SHB Bip Roberts 0-0: Called Strike
0-1: Called Strike
0-2: Ball
1-2: Strikes out looking
Batting: RHB Ron Wotus 0-0: Called Strike
0-1: Ball
1-1: Called Strike
1-2: Strikes out swinging
Batting: RHB Mike Rubel 0-0: Swinging Strike
0-1: DOUBLE (Line Drive, 89M, EV 103.8 MPH)
Batting: RHB Ken Gerhart 0-0: Called Strike
0-1: Foul Ball, location: 2F
0-2: Ball
1-2: Fly out, F6 (Flyball, 6D, EV 88.1 MPH)
Bottom of the 1st over - 0 runs, 1 hit, 0 errors, 1 left on base; Elmira 0 - Lynn 0
TOP OF THE 2ND
Elmira Pioneers batting - Pitching for Lynn Sailors : RHP Donald Cline
Batting: RHB Edwin Rodriguez 0-0: Ball
1-0: Swinging Strike
1-1: Ball
2-1: Ground out U3 (Groundball, 3L, EV 83.1 MPH)
Batting: SHB Esteban Mendez 0-0: Fly out, F7 (Flyball, 78D, EV 91.9 MPH)
Batting: LHB Juan Flores 0-0: Called Strike
0-1: Ball
1-1: Ball
2-1: Swinging Strike
2-2: Ground out 5-3 (Groundball, 56, EV 103.1 MPH)
Top of the 2nd over - 0 runs, 0 hits, 0 errors, 0 left on base; Elmira 0 - Lynn 0
BOTTOM OF THE 2ND
Lynn Sailors batting - Pitching for Elmira Pioneers : RHP Rick Behenna
Batting: RHB Mike Reddish 0-0: Ball
1-0: Ball
2-0: Ball
3-0: Base on Balls
Batting: RHB Jorge Hinojosa 0-0: Called Strike
0-1: Foul Ball, location: 2F
0-2: Ball
1-2: Foul Ball, location: 2F
1-2: Ball
2-2: Ball
3-2: Base on Balls
Mike Reddish to second
Batting: RHB Vinny Jaramillo 0-0: Ball
1-0: Swinging Strike
1-1: Called Strike
1-2: Ball
2-2: Ball
3-2: DOUBLE (Flyball, 8LXD, EV 105.6 MPH)
Mike Reddish scores
Jorge Hinojosa to third
Batting: SHB Danny Gans 0-0: Ball
1-0: Ball
2-0: Called Strike
2-1: Ball
3-1: Base on Balls
Batting: RHB Ezequiel Carrasco 0-0: Fielders Choice at 2nd, 6-4 (Groundball, 6, EV 83.8 MPH)
Jorge Hinojosa scores
Vinny Jaramillo to third
Batting: SHB Bip Roberts 0-0: Ball
1-0: Ball
Ezequiel Carrasco steals 2nd base
2-0: Called Strike
2-1: Foul Ball, location: 2F
2-2: Foul Ball, location: 2F
2-2: Foul Ball, location: 2F
2-2: Ball
3-2: Ground out 5-3 (Groundball, 5, EV 88.1 MPH)
Batting: RHB Ron Wotus 0-0: Called Strike
0-1: Ball
1-1: Foul Ball, location: 2F
1-2: Foul Ball, location: 2F
1-2: Ground out U3 (Groundball, 3S, EV 93.1 MPH)
Bottom of the 2nd over - 2 runs, 1 hit, 0 errors, 2 left on base; Elmira 0 - Lynn 2
TOP OF THE 3RD
Elmira Pioneers batting - Pitching for Lynn Sailors : RHP Donald Cline
Batting: RHB Greg Keatley 0-0: Ball
1-0: Ball
2-0: Ball
3-0: Base on Balls
Batting: LHB Thad Reece 0-0: Called Strike
0-1: Ball
1-1: Swinging Strike
1-2: Ball
2-2: Fielders Choice at 2nd, 4-6 (Groundball, 34, EV 98.1 MPH)
Batting: RHB Ken Dowell 0-0: Reached on error, E5 (Groundball, 56, EV 84.4 MPH)
Thad Reece to second
Batting: RHB Mark Wasinger 0-0: Ball
1-0: Ball
2-0: Ball
3-0: Called Strike
3-1: Base on Balls
Thad Reece to third
Ken Dowell to second
Batting: RHB Richard Givens 0-0: Swinging Strike
0-1: Ball
1-1: Foul Ball, location: 2F
1-2: Ball
2-2: Strikes out swinging
Batting: RHB Frank LaBella 0-0: Ball
Wild Pitch!
Thad Reece scores
Ken Dowell to third
Mark Wasinger to second
1-0: Ball
2-0: Called Strike
2-1: Foul Ball, location: 2F
2-2: Foul Ball, location: 2F
2-2: Strikes out swinging
Top of the 3rd over - 1 run, 0 hits, 1 error, 2 left on base; Elmira 1 - Lynn 2
BOTTOM OF THE 3RD
Lynn Sailors batting - Pitching for Elmira Pioneers : RHP Rick Behenna
Batting: RHB Mike Rubel 0-0: Fly out, F8 (Flyball, 8RM, EV 88.8 MPH)
Batting: RHB Ken Gerhart 0-0: Ball
1-0: Called Strike
1-1: Ball
2-1: Called Strike
2-2: Strikes out swinging
Batting: RHB Mike Reddish 0-0: Called Strike
0-1: Ball
1-1: Ground out 6-3 (Groundball, 6, EV 79.4 MPH)
Bottom of the 3rd over - 0 runs, 0 hits, 0 errors, 0 left on base; Elmira 1 - Lynn 2
TOP OF THE 4TH
Elmira Pioneers batting - Pitching for Lynn Sailors : RHP Donald Cline
Batting: RHB Edwin Rodriguez 0-0: Called Strike
0-1: Ball
1-1: Foul Ball, location: 2F
1-2: Ground out 5-3 (Groundball, 56, EV 86.3 MPH)
Batting: SHB Esteban Mendez 0-0: Ball
1-0: Called Strike
1-1: Fly out, F6 (Popup, 6S, EV 68.8 MPH)
Batting: LHB Juan Flores 0-0: Ground out 6-3 (Groundball, 6, EV 108.1 MPH)
Top of the 4th over - 0 runs, 0 hits, 0 errors, 0 left on base; Elmira 1 - Lynn 2
BOTTOM OF THE 4TH
Lynn Sailors batting - Pitching for Elmira Pioneers : RHP Rick Behenna
Batting: RHB Jorge Hinojosa 0-0: Fly out, F8 (Flyball, 78M, EV 86.9 MPH)
Batting: RHB Vinny Jaramillo 0-0: Ground out U3 (Groundball, 34, EV 86.3 MPH)
Batting: SHB Danny Gans 0-0: Foul Ball, location: 2F
0-1: Ball
1-1: Called Strike
1-2: Ball
2-2: Ball
3-2: SINGLE (Groundball, 34D, EV 99.4 MPH)
Batting: RHB Ezequiel Carrasco 0-0: Ball
1-0: Ball
2-0: Called Strike
2-1: Foul Ball, location: 2F
2-2: Strikes out swinging
Bottom of the 4th over - 0 runs, 1 hit, 0 errors, 1 left on base; Elmira 1 - Lynn 2
TOP OF THE 5TH
Elmira Pioneers batting - Pitching for Lynn Sailors : RHP Donald Cline
Batting: RHB Greg Keatley 0-0: Bunted foul
0-1: Ball
1-1: Ground out 5-3 (Groundball, 56S, EV 88.1 MPH)
Batting: LHB Thad Reece 0-0: Foul Ball, location: 2F
0-1: Ball
1-1: Ground out 2-3 (Groundball, 15S, EV 69.4 MPH)
Batting: RHB Ken Dowell 0-0: Foul Ball, location: 2F
0-1: Ball
1-1: Ball
2-1: Ball
3-1: Called Strike
3-2: Fly out, F8 (Flyball, 8RD, EV 95.0 MPH)
Top of the 5th over - 0 runs, 0 hits, 0 errors, 0 left on base; Elmira 1 - Lynn 2
BOTTOM OF THE 5TH
Lynn Sailors batting - Pitching for Elmira Pioneers : RHP Rick Behenna
Batting: SHB Bip Roberts 0-0: Called Strike
0-1: Ground out 6-3 (Groundball, 6, EV 82.5 MPH)
Batting: RHB Ron Wotus 0-0: Swinging Strike
0-1: Ground out 5-3 (Groundball, 56S, EV 78.8 MPH)
Batting: RHB Mike Rubel 0-0: Fly out, F9 (Flyball, 9, EV 85.6 MPH)
Bottom of the 5th over - 0 runs, 0 hits, 0 errors, 0 left on base; Elmira 1 - Lynn 2
TOP OF THE 6TH
Elmira Pioneers batting - Pitching for Lynn Sailors : RHP Donald Cline
Batting: RHB Mark Wasinger 0-0: Called Strike
0-1: Ball
1-1: Swinging Strike
1-2: Ball
2-2: Strikes out looking
Batting: RHB Richard Givens 0-0: Ball
1-0: Swinging Strike
1-1: Foul Ball, location: 2F
1-2: Foul Ball, location: 2F
1-2: SINGLE (Flyball, 89M, EV 90.6 MPH)
Batting: RHB Frank LaBella 0-0: Ball
1-0: Grounds into double play, 4-6-3 (Groundball, 34, EV 93.8 MPH)
Top of the 6th over - 0 runs, 1 hit, 0 errors, 0 left on base; Elmira 1 - Lynn 2
BOTTOM OF THE 6TH
Lynn Sailors batting - Pitching for Elmira Pioneers : RHP Rick Behenna
Batting: RHB Ken Gerhart 0-0: Ground out 6-3 (Groundball, 6, EV 90.0 MPH)
Batting: RHB Mike Reddish 0-0: Swinging Strike
0-1: Ball
1-1: Ground out 4-3 (Groundball, 4, EV 81.9 MPH)
Batting: RHB Jorge Hinojosa 0-0: Foul Ball, location: 2F
0-1: Ball
1-1: Ball
2-1: Swinging Strike
2-2: Strikes out swinging
Bottom of the 6th over - 0 runs, 0 hits, 0 errors, 0 left on base; Elmira 1 - Lynn 2
TOP OF THE 7TH
Elmira Pioneers batting - Pitching for Lynn Sailors : RHP Donald Cline
Batting: RHB Edwin Rodriguez 0-0: Ball
1-0: Ball
2-0: Foul Ball, location: 2F
2-1: Swinging Strike
2-2: Strikes out swinging
Batting: SHB Esteban Mendez 0-0: Fly out, F5 (Popup, 25F, EV 73.8 MPH)
Batting: LHB Juan Flores 0-0: Foul Ball, location: 2F
0-1: Ball
1-1: Ball
2-1: Fly out, F9 (Flyball, 9, EV 95.0 MPH)
Top of the 7th over - 0 runs, 0 hits, 0 errors, 0 left on base; Elmira 1 - Lynn 2
BOTTOM OF THE 7TH
Lynn Sailors batting - Pitching for Elmira Pioneers : RHP Rick Behenna
Batting: RHB Vinny Jaramillo 0-0: Ball
1-0: DOUBLE (Line Drive, 7LD, EV 105.6 MPH)
Batting: SHB Danny Gans 0-0: Swinging Strike
0-1: SINGLE (Groundball, 4MD, EV 101.3 MPH)
Vinny Jaramillo to third
Batting: RHB Ezequiel Carrasco 0-0: Ball
1-0: Ball
2-0: Called Strike
2-1: Ball
3-1: Foul Ball, location: 2F
3-2: Base on Balls
Danny Gans to second
Batting: SHB Bip Roberts 0-0: Fly out, F9 (Flyball, 9LM, EV 88.8 MPH)
Runner from 3rd tags up, SCORES, throw by RF
Danny Gans to third
Batting: RHB Ron Wotus 0-0: Ball
1-0: Ball
2-0: Ball
3-0: Base on Balls
Ezequiel Carrasco to second
Batting: RHB Mike Rubel 0-0: Called Strike
0-1: Ball
1-1: DOUBLE (Groundball, 5L, EV 107.5 MPH)
Danny Gans scores
Ezequiel Carrasco scores
Ron Wotus to third
Pitching: RHP Jim Siwy
Batting: RHB Ken Gerhart 0-0: Ball
1-0: Fly out, F3 (Popup, 3F, EV 70.0 MPH)
Batting: RHB Mike Reddish 0-0: Ball
1-0: Ball
2-0: Ground out 5-3 (Groundball, 56, EV 83.8 MPH)
Bottom of the 7th over - 3 runs, 3 hits, 0 errors, 2 left on base; Elmira 1 - Lynn 5
TOP OF THE 8TH
Elmira Pioneers batting - Pitching for Lynn Sailors : RHP Donald Cline
Batting: RHB Greg Keatley 0-0: Called Strike
0-1: Called Strike
0-2: Foul Ball, location: 2F
0-2: Fly out, F4 (Popup, 34S, EV 77.5 MPH)
Batting: LHB Thad Reece 0-0: Ball
1-0: Ball
2-0: Foul Ball, location: 2F
2-1: Ground out 4-3 (Groundball, 4, EV 79.4 MPH)
Batting: RHB Ken Dowell 0-0: Ball
1-0: Called Strike
1-1: Ball
2-1: Ball
3-1: Base on Balls
Batting: RHB Mark Wasinger 0-0: Fly out, F9 (Line Drive, 9, EV 86.3 MPH)
Top of the 8th over - 0 runs, 0 hits, 0 errors, 1 left on base; Elmira 1 - Lynn 5
BOTTOM OF THE 8TH
Lynn Sailors batting - Pitching for Elmira Pioneers : RHP Jim Siwy
Batting: RHB Jorge Hinojosa 0-0: Ball
1-0: Ground out 6-3 (Groundball, 6, EV 83.1 MPH)
Batting: RHB Vinny Jaramillo 0-0: DOUBLE (Flyball, 89D, EV 107.5 MPH)
Batting: SHB Danny Gans 0-0: Called Strike
0-1: Swinging Strike
0-2: Ground out 4-3 (Groundball, 4, EV 80.6 MPH)
Vinny Jaramillo to third
Batting: RHB Ezequiel Carrasco 0-0: Ball
1-0: Ball
2-0: Fly out, F4 (Popup, 4S, EV 76.9 MPH)
Bottom of the 8th over - 0 runs, 1 hit, 0 errors, 1 left on base; Elmira 1 - Lynn 5
TOP OF THE 9TH
Elmira Pioneers batting - Pitching for Lynn Sailors : RHP Donald Cline
Batting: RHB Richard Givens 0-0: Swinging Strike
0-1: Ball
1-1: Ball
2-1: Ball
3-1: Base on Balls
Pitching: RHP Joe Whitmer
Batting: RHB Frank LaBella 0-0: Ball
1-0: Ball
2-0: Grounds into double play, 4-6-3 (Groundball, 34, EV 98.1 MPH)
Batting: RHB Edwin Rodriguez 0-0: Called Strike
0-1: Foul Ball, location: 2F
0-2: Foul Ball, location: 2F
0-2: Strikes out swinging
Top of the 9th over - 0 runs, 0 hits, 0 errors, 0 left on base; Elmira 1 - Lynn 5
Tuesday, July 21st, 2020 - OOTP Baseball 21.4 Build 63